 Dungeon Crawl Stone Soup version 0.29.1-12-g30fa7ad0bf (webtiles) character file.

Game seed: 5376012674874346724

13 xian the Shooter (level 2, -4/15 HPs)
             Began as a Spriggan Hunter on Dec 16, 2022.
             Slain by Terence
             ... wielding a +0 hand axe
              (7 damage)
             ... on level 2 of the Dungeon.
             The game lasted 00:01:00 (571 turns).

xian the Shooter (Spriggan Hunter)                   Turns: 571, Time: 00:01:00

Health: -4/15      AC:  2    Str:  7    XL:     2   Next: 24%
Magic:  3/3        EV: 17    Int: 10    God:
Gold:   39         SH:  0    Dex: 18    Spells: 1/1 levels left

rFire   . . .      SeeInvis +   e - +0 short sword
rCold   + . .      Faith    .   (no shield)
rNeg    . . .      Spirit   .   c - +0 robe
rPois   .          Reflect  .   (helmet restricted)
rElec   .          Harm     .   (no cloak)
rCorr   .          Rampage  .   (gloves unavailable)
Will    .....                   (boots unavailable)
Stlth   ++........              (no amulet)
HPRegen 0.05/turn               h - ring of protection from cold
MPRegen 0.08/turn               (no ring)

@: very quick
A: very small, no large weapons, unfitting armour, see invisible, speed 3
a: no special abilities


You were on level 2 of the Dungeon.
You visited 1 branch of the dungeon, and saw 2 of its levels.

You collected 39 gold pieces.

Inventory:

Hand Weapons
 a - a +0 shortbow
 e - a +0 short sword (weapon)
Armour
 c - a +0 robe (worn)
 i - an orb of mayhem
Jewellery
 h - a ring of protection from cold (left hand)
Scrolls
 b - a scroll of immolation
 g - a scroll of identify {unknown}
Potions
 d - a potion of lignification {unknown}
 f - a potion of heal wounds {unknown}
 j - a potion of magic {unknown}


   Skills:
 + Level 1.6 Fighting
 + Level 4.5 Ranged Weapons
 + Level 2.7 Dodging
 + Level 1.5 Stealth


You had one spell level left.
You didn't know any spells.
Your spell library was empty.

Dungeon Overview and Level Annotations

Branches:
Dungeon (2/15)

Altars:

Annotations:
D:2 Terence


Innate Abilities, Weirdness & Mutations

You are very small and have problems with some larger weapons.
You are too small for most types of armour.
You have supernaturally acute eyesight. (SInv)
You cover ground extremely quickly. (Speed+++)


Message History

Terence is moderately wounded.
A ball python comes into view.
You shoot an arrow.
The arrow hits Terence but does no damage.
Terence is moderately wounded.
You shoot an arrow. The arrow hits Terence.
Terence is heavily wounded.
You shoot an arrow. The arrow barely misses Terence.
The arrow closely misses the ball python.
e - a +0 short sword (weapon)
Unknown command.
You closely miss Terence.
Terence is heavily wounded.
Terence closely misses you.
You barely miss Terence.
Terence is heavily wounded.
Terence misses you.
You hit Terence. You punch Terence.
Terence is severely wounded.
Terence completely misses you.
Unknown command.
You hit Terence but do no damage.
Terence is severely wounded.
Terence completely misses you. Terence hits you with a +0 hand axe.
You hit Terence.
Terence is almost dead.
Terence hits you with a +0 hand axe.
* * * LOW HITPOINT WARNING * * *
Unknown command.
You hit Terence but do no damage.
Terence is almost dead.
Terence closely misses you.
You hit Terence but do no damage.
Terence is almost dead.
Terence barely misses you.
Unknown command.
You closely miss Terence.
Terence is almost dead.
Terence hits you with a +0 hand axe!
You die...

#####
..#########...#
.....S@@....<.#
.##########...#
#...# #####


You could see Terence and a ball python.

Vanquished Creatures
  A ball python (D:1)
  An endoplasm (D:1)
  4 giant cockroaches (D:1)
  3 kobolds (D:1)
  A bat (D:1)
10 creatures vanquished.

Notes
Turn   | Place    | Note
-------+----------+-------------------------------------------
     0 | D:1      | xian the Spriggan Hunter began the quest for the Orb.
     0 | D:1      | Reached XP level 1. HP: 10/10 MP: 2/2
   181 | D:1      | Reached XP level 2. HP: 14/14 MP: 3/3
   558 | D:2      | Noticed Terence
   571 | D:2      | Slain by Terence

Illustrated notes

Levels and vault maps discovered:
D:1:      sevenhm_arrival_forest_fort_small_4, layout_loops_ring,
          chequers_serial_rivers_micro_d, grunt_decor_junction
D:2:      layout_basic, basic_altar, ebering_ecumenical_altar_ruins,
          uniq_terence

Action                   || total
-------------------------++-------
Melee: Short sword       ||     8
       Punch             ||     1
 Fire: Shortbow          ||    34
Armor: Robe              ||     1
Dodge: Dodged            ||     8
